Map: Ruins of Seras

Players

Odin - Winner!

  • Race: Protoss Protoss

Buttons

  • Race: Protoss Protoss

VOD

Have the link to the VOD?

Description

Time

  • Played on: Nov. 9, 2015, 11:49 p.m.
  • Length: 12:23
Show
View Real Time Build Order
Export as new Build Order

Odin Protoss - Winner!

Build Orders: 1 Gate Expand 

Get SALT Encoding   

  12  0:01  Probe (Chrono Boost)  
  13  0:11  Probe (Chrono Boost)  
  14  0:18  Pylon  
  14  0:22  Probe (Chrono Boost)  
  15  0:36  Probe (Chrono Boost)  
  15  0:38  Gateway  
  16  0:47  Probe (Chrono Boost)  
  17  0:50  Assimilator  
  17  0:59  Probe (Chrono Boost)  
  18  1:10  Probe (Chrono Boost)  
  19  1:20  Probe (Chrono Boost)  
  20  1:29  Nexus  
  20  1:32  Probe (Chrono Boost)  
  21  1:43  Cybernetics Core  
  22  1:47  Probe (Chrono Boost)  
  22  1:54  Pylon  
  22  1:57  Probe (Chrono Boost)  
  23  2:04  Assimilator  
  23  2:14  Probe (Chrono Boost)  
  23  2:15  Pylon  
  24  2:20  Warp Gate (Chrono Boost)  
  26  2:23  Sentry  
  26  2:27  Probe (Chrono Boost)  
  27  2:38  Probe (Chrono Boost)  
  27  2:42  Assimilator  
  27  2:43  Probe (Chrono Boost)  
  29  2:49  Probe (Chrono Boost), Adept  
  32  2:53  Probe (Chrono Boost)  
  33  2:59  Probe (Chrono Boost)  
  33  3:04  Probe (Chrono Boost)  
  35  3:10  Probe (Chrono Boost)  
  36  3:14  Probe (Chrono Boost), Stargate  
  36  3:20  Probe (Chrono Boost)  
  36  3:25  Probe (Chrono Boost)  
  38  3:35  Probe x2 (Chrono Boost)  
  38  3:37  Assimilator  
  40  3:44  Stalker (Chrono Boost), Probe (Chrono Boost)  
  40  3:45  Probe (Chrono Boost)  
  44  3:52  Robotics Facility  
  44  3:55  Probe  
  44  3:57  Probe  
  44  4:00  Oracle (Chrono Boost)  
  49  4:05  Probe  
  49  4:09  Probe  
  51  4:16  Probe  
  51  4:20  Pylon  
  51  4:21  Probe  
  51  4:23  Pylon  
  53  4:26  Probe  
  54  4:34  Nexus  
  54  4:38  Probe  
  55  4:41  Observer (Chrono Boost)  
  55  4:44  Gateway  
  56  4:47  Gateway  
  56  4:50  Gateway  
  56  4:55  Forge  
  56  4:56  Probe  
  56  4:57  Probe  
  58  5:12  Probe  
  58  5:13  Probe  
  60  5:15  Stalker  
  62  5:22  Pylon  
  62  5:23  Pylon  
  62  5:24  Probe  
  62  5:25  Probe  
  64  5:29  Pylon  
  64  5:34  Robotics Bay  
  64  5:35  Probe  
  64  5:36  Protoss Ground Weapons Level 1 (Chrono Boost)  
  64  5:37  Probe  
  64  5:41  Stalker  
  64  5:42  Stalker  
  70  5:45  Zealot  
  70  5:48  Probe  
  70  5:49  Probe, Zealot  
  76  5:50  Immortal  
  80  5:59  Probe  
  80  6:00  Probe  
  80  6:01  Probe  
  83  6:08  Stalker x2  
  83  6:09  Sentry x2  
  91  6:16  Robotics Facility  
  91  6:22  Pylon  
  91  6:24  Pylon  
  91  6:37  Mothership Core  
  91  6:42  Probe x2  
  91  6:45  Sentry x2, Assimilator  
  91  6:46  Zealot x2  
  103  6:47  Colossus, Assimilator  
  109  6:54  Probe x2 (Chrono Boost)  
  109  6:57  Probe (Chrono Boost)  
  112  7:07  Probe x2 (Chrono Boost)  
  114  7:09  Probe (Chrono Boost)  
  115  7:17  Colossus, Probe x2 (Chrono Boost)  
  115  7:20  Probe (Chrono Boost)  
  115  7:22  Pylon  
  124  7:26  Pylon  
  124  7:30  Pylon  
  124  7:36  Nexus  
  124  7:37  Extended Thermal Lance (Chrono Boost), Pylon  
  124  7:39  Gateway  
  124  7:40  Pylon  
  124  7:41  Gateway, Disruptor  
  124  7:44  Gateway x2  
  127  7:49  Probe, Twilight Council  
  128  7:59  Zealot  
  128  8:00  Zealot x3  
  128  8:03  Protoss Shields Level 1 (Chrono Boost)  
  136  8:11  Photon Cannon  
  136  8:14  Disruptor (Chrono Boost)  
  136  8:15  Photon Cannon  
  136  8:17  Disruptor (Chrono Boost)  
  142  8:23  Photon Cannon  
  142  8:28  Stalker x2  
  142  8:30  Sentry  
  148  8:38  Forge  
  148  8:41  Pylon x2  
  148  8:45  Pylon  
  148  8:47  Warp Prism (Chrono Boost)  
  150  8:53  Colossus (Chrono Boost)  
  156  9:05  Stalker x4  
  156  9:09  Stalker x3  
  170  9:10  Zealot  
  172  9:20  Photon Cannon  
  172  9:22  Photon Cannon  
  172  9:32  Assimilator  
  172  9:33  Zealot x2  
  172  9:34  Zealot x2  
  172  9:37  Assimilator  
  172  10:19  Colossus (Chrono Boost)  
  169  10:23  Disruptor (Chrono Boost)  
  176  10:33  Sentry x2  
  176  10:34  Sentry x2  
  176  10:35  Zealot x4  
  189  10:55  Colossus  
  193  11:06  Nexus  
  193  11:07  Colossus  
  193  11:08  Pylon  
  175  11:15  Zealot x4  
  175  11:16  Zealot x4  
  152  12:00  Zealot x6  
  152  12:01  Zealot x2  
Show
View Real Time Build Order
Export as new Build Order

Buttons Protoss 

Build Orders: 1 Gate Expand 

Get SALT Encoding   

  12  0:02  Probe (Chrono Boost)  
  13  0:13  Probe (Chrono Boost)  
  14  0:18  Pylon  
  14  0:23  Probe (Chrono Boost)  
  15  0:36  Probe (Chrono Boost)  
  16  0:47  Probe (Chrono Boost)  
  16  0:48  Gateway  
  17  0:58  Probe (Chrono Boost)  
  18  1:08  Probe (Chrono Boost)  
  19  1:15  Assimilator  
  19  1:19  Probe (Chrono Boost)  
  20  1:30  Nexus  
  20  1:35  Probe (Chrono Boost)  
  21  1:43  Zealot  
  23  1:55  Pylon  
  23  2:01  Assimilator  
  23  2:13  Zealot  
  23  2:14  Probe (Chrono Boost)  
  26  2:24  Probe (Chrono Boost)  
  26  2:27  Gateway  
  26  2:28  Gateway  
  27  2:40  Cybernetics Core  
  27  2:48  Zealot  
  27  2:51  Probe x2 (Chrono Boost)  
  31  3:01  Probe x2 (Chrono Boost)  
  33  3:19  Warp Gate  
  33  3:30  Robotics Facility  
  33  3:33  Robotics Facility  
  33  3:37  Stalker x2, Pylon  
  37  3:41  Stalker  
  41  3:48  Mothership Core (Chrono Boost)  
  41  3:50  Probe (Chrono Boost)  
  42  4:00  Probe (Chrono Boost)  
  43  4:06  Probe (Chrono Boost)  
  44  4:11  Probe (Chrono Boost)  
  45  4:18  Adept x2  
  45  4:19  Adept  
  45  4:22  Probe x2 (Chrono Boost)  
  53  4:32  Probe (Chrono Boost)  
  53  4:36  Pylon  
  54  4:39  Pylon  
  54  4:44  Pylon  
  54  4:54  Probe x2 (Chrono Boost), Immortal  
  60  5:03  Immortal  
  60  5:05  Probe x2 (Chrono Boost)  
  61  5:29  Forge  
  61  5:31  Forge  
  61  5:33  Pylon  
  61  5:43  Immortal  
  61  5:48  Immortal  
  69  5:55  Adept  
  69  5:56  Adept  
  73  6:00  Probe x2 (Chrono Boost)  
  75  6:08  Pylon  
  75  6:14  Probe (Chrono Boost)  
  75  6:15  Probe (Chrono Boost)  
  77  6:19  Assimilator  
  77  6:23  Assimilator  
  77  6:25  Probe x2 (Chrono Boost)  
  74  6:35  Probe (Chrono Boost)  
  75  6:41  Adept  
  75  6:42  Adept x2  
  83  6:54  Probe x2 (Chrono Boost)  
  83  6:58  Immortal  
  83  7:00  Immortal  
  91  7:04  Probe x2 (Chrono Boost)  
  91  7:06  Protoss Ground Weapons Level 1  
  93  7:08  Protoss Ground Armor Level 1  
  93  7:15  Probe (Chrono Boost)  
  94  7:23  Pylon  
  94  7:26  Pylon  
  94  7:41  Probe (Chrono Boost)  
  95  7:45  Adept x3  
  101  7:57  Twilight Council  
  101  7:59  Pylon  
  101  8:01  Observer  
  101  8:02  Observer  
  103  8:07  Stalker x3  
  109  8:15  Pylon  
  109  8:17  Pylon  
  109  8:26  Gateway  
  109  8:28  Gateway  
  109  8:29  Gateway  
  109  8:44  Adept x3  
  115  8:52  Charge (Chrono Boost)  
  115  8:58  Immortal  
  115  9:00  Immortal  
  122  9:22  Zealot  
  122  9:23  Zealot x4  
  132  9:27  Protoss Ground Weapons Level 2  
  132  9:29  Probe x2 (Chrono Boost)  
  134  9:45  Protoss Ground Armor Level 2  
  134  9:57  Pylon  
  134  9:58  Pylon x3  
  134  10:07  Probe x2  
  130  10:41  Immortal x2  
  138  10:43  Zealot x4  
  146  10:57  Stalker x2  
  118  11:16  Zealot x2  
  118  11:17  Zealot x2  
  124  11:20  Immortal  
  128  11:32  Adept x2  
  58  12:01  Stalker x4  
  58  12:02  Stalker x2  
Tags
 
Add a new tag
Caveats
  • Supply blocks, unpowered buildings, or Contaminate may cause inaccurate times.
  • Supply counts are checked every 10 seconds.